 Dungeon Crawl Stone Soup version 0.20-a0-613-g92415a4 (webtiles) character file.

2570 Firecrotchwizard the Destroyer (level 9, -1/45 HPs)
             Began as a Deep Elf Fire Elementalist on Feb 9, 2017.
             Was a Priest of Sif Muna.
             Slain by a wyvern (6 damage)
             ... on level 7 of the Dungeon.
             The game lasted 00:25:19 (8924 turns).

Firecrotchwizard the Destroyer (DEFE)               Turns: 8924, Time: 00:25:19

Health: -1/45      AC:  7    Str:  5    XL:     9   Next: 32%
Magic:  0/23       EV: 13    Int: 24    God:    Sif Muna [***...]
Gold:   233        SH:  0    Dex: 18    Spells: 12/25 levels left

rFire    . . .     SeeInvis .   g - +2 dagger (elec)
rCold    + . .     Gourm    .   K - -1 robe (curse)
rNeg     + . .     Faith    .   (no shield)
rPois    .         Spirit   +   (no helmet)
rElec    +         Reflect  .   E - +2 cloak
rCorr    .         Harm     .   h - +2 pair of gloves {Dex+3}
MR       .....     Rnd*Tele +   (no boots)
Stlth    ++........             k - amulet of guardian spirit
Regen    0.2/turn               H - ring "Pefa" {*Tele rElec rC+ rN+ Slay+4}
                                j - ring of teleportation (curse)

@: no status effects
A: no striking features
a: Divine Energy, Channel Magic, Renounce Religion


You were on level 7 of the Dungeon.
You worshipped Sif Muna.
Sif Muna was most pleased with you.
You were hungry.

You visited 2 branches of the dungeon, and saw 8 of its levels.
You also visited: Sewer.

You collected 233 gold pieces.

Inventory:

Hand Weapons
 g - a +2 dagger of electrocution (weapon)
 y - a +1 dagger of protection
Armour
 a - a +1 robe
 h - a +2 pair of gloves of dexterity (worn)
 x - a +2 robe of magic resistance
 E - a +2 cloak (worn)
 K - a cursed -1 robe (worn)
Magical Staves
 C - an uncursed staff of poison
Jewellery
 j - a cursed ring of teleportation (left hand)
 k - an amulet of guardian spirit (around neck)
 o - an uncursed ring of ice
 s - an uncursed ring of poison resistance
 H - the ring "Pefa" (right hand) {*Tele rElec rC+ rN+ Slay+4}
   (You found it on level 6 of the Dungeon)

   [ring of teleportation]

   It may teleport you next to monsters.
   It affects your accuracy and damage with ranged weapons and melee attacks
   (+4).
   It protects you from cold.
   It insulates you from electricity.
   It protects you from negative energy.
Wands
 l - a wand of disintegration (10/24)
 t - a wand of enslavement (10/24)
 u - a wand of flame (48/48)
Scrolls
 d - a scroll of enchant armour
 p - 5 scrolls of identify
 q - 4 scrolls of fear
 J - a scroll of recharging
 L - a scroll of fog
Potions
 e - a potion of degeneration
 i - a potion of brilliance
 m - a potion of berserk rage {unknown}
 r - a potion of curing
 v - a potion of experience {unknown}
 A - a potion of agility {unknown}
 B - a potion of cure mutation {unknown}
 D - 4 potions of heal wounds {unknown}
 F - a potion of ambrosia {unknown}
 G - a potion of invisibility {unknown}
 I - 2 potions of might {unknown}
Books
 b - a book of Flames

   Spells                             Type                      Level
   a - Flame Tongue                   Conjuration/Fire             1
   b - Throw Flame                    Conjuration/Fire             2
   c - Conjure Flame                  Conjuration/Fire             3
   d - Inner Flame                    Hexes/Fire                   3
   e - Sticky Flame                   Conjuration/Fire             4
   f - Fireball                       Conjuration/Fire             5
 n - a book of Misfortune

   Spells                             Type                      Level
   a - Confusing Touch                Hexes                        1
   b - Confuse                        Hexes                        3
   c - Gell's Gravitas                Hexes/Translocation          3
   d - Petrify                        Transmutation/Earth          4
   e - Metabolic Englaciation         Hexes/Ice                    5
   f - Yara's Violent Unravelling     Hexes/Transmutation          5
Miscellaneous
 w - a lightning rod (4/4)
Comestibles
 c - 3 bread rations
 f - 2 meat rations
 z - 4 fruits
 M - a royal jelly


   Skills:
 - Level 2.4 Dodging
 - Level 2.4 Stealth
 + Level 8.6 Spellcasting
 * Level 9.8 Conjurations
 + Level 7.8 Fire Magic


You had 12 spell levels left.
You knew the following spells:

 Your Spells              Type           Power        Failure   Level  Hunger
a - Flame Tongue          Conj/Fire      #####        1%          1    None
b - Conjure Flame         Conj/Fire      ######..     1%          3    None
c - Sticky Flame          Conj/Fire      ######..     1%          4    ##.....
d - Fireball              Conj/Fire      ######....   4%          5    ####...


Dungeon Overview and Level Annotations

Branches:
Dungeon (7/15)             Temple (1/1) D:6

Altars:
Ashenzari
Cheibriados
Dithmenos
Elyvilon
Fedhas
Gozag
Hepliaklqana
Kikubaaqudgha
Makhleb
Nemelex Xobeh
Okawaru
Qazlal
Ru
Sif Muna
Trog
Uskayaw
Vehumet
Xom
Yredelemnul
Zin
The Shining One

Shops:
D:5 *

Annotations:
D:4 Sigmund


Message History

The flame tongue hits the wyvern.
The wyvern is severely wounded.
The wyvern closely misses you.
Casting: Flame Tongue
Confirm with . or Enter, or press ? or * to list all spells.
Aiming: Flame Tongue
Press: ? - help, Shift-Dir - straight line, f/p - wyvern
Aim: a wyvern (severely wounded)
The flame tongue hits the wyvern.
The wyvern appears unharmed.
The wyvern is severely wounded.
The wyvern bites you! x2
You hit the wyvern.
The wyvern is almost dead.
The wyvern closely misses you.
You hit the wyvern.
The wyvern is almost dead.
The wyvern bites you!
* * * LOW HITPOINT WARNING * * *
The wyvern bites you.
You die...

.. .. . .. .P
.# .♣ .#♣)P#
.....#
###))...#.
#####.(..###.#
#.(((@l.....(.
#####.######.#
#.# #.. #.#
#<# #.######.#
..).....<#
##.#####.# .
#(# ?))


You could see a wyvern.

Vanquished Creatures
  Pikel (D:6)
  The ghost of Nausicaa the Grappler, a novice VSMo of Cheibriados (D:7)
  Edmund (D:4)
  An ice beast (D:6)
  A sky beast (D:6)
  A slave (D:6)
  2 ogres
  A centaur (D:5)
  Blork the orc (D:6)
  3 bullfrogs
  A gnoll sergeant (D:5)
  3 scorpions
  4 crimson imps
  A quasit (Temple)
  An orc priest (D:7)
  A hound (D:5)
  2 orc wizards (D:5)
  An iguana (D:6)
  Natasha (thrice) (D:3)
  4 worker ants
  A hound skeleton (D:4)
  14 adders
  3 gnolls (D:5)
  A shadow imp (D:6)
  An ooze (D:1)
  An adder zombie (D:6)
  2 adder skeletons
  3 worms
  2 dart slugs
  6 leopard geckos
  14 orcs
  15 giant cockroaches
  4 goblins
  6 hobgoblins
  3 jackals (D:1)
  4 quokkas
  8 ball pythons
  2 ball python skeletons
  8 bats
  11 frilled lizards
  A giant cockroach zombie (D:5)
  15 kobolds
  A quokka zombie (D:5)
  25 rats
185 creatures vanquished.

Notes
Turn   | Place    | Note
-------+----------+-------------------------------------------
     0 | D:1      | Firecrotchwizard the Deep Elf Fire Elementalist began the quest for the Orb.
     0 | D:1      | Reached XP level 1. HP: 10/10 MP: 6/6
   197 | D:1      | Reached XP level 2. HP: 10/15 MP: 0/8
   288 | D:1      | Reached skill level 2 in Conjurations
   486 | D:1      | Reached XP level 3. HP: 19/19 MP: 2/10
   549 | D:1      | Learned a level 3 spell: Conjure Flame
  1367 | D:2      | Reached skill level 3 in Conjurations
  1761 | D:2      | Reached XP level 4. HP: 24/24 MP: 9/11
  1763 | D:2      | Found a basalt altar of Yredelemnul.
  1766 | D:2      | Found a deep blue altar of Sif Muna.
  1769 | D:2      | Found a hazy altar of Hepliaklqana.
  1773 | D:2      | Became a worshipper of Sif Muna the Loreminder
  1804 | D:2      | Learned a level 4 spell: Sticky Flame
  3142 | D:3      | Noticed Natasha
  3148 | D:3      | Killed Natasha
  3148 | D:3      | Reached XP level 5. HP: 22/28 MP: 6/13
  3276 | D:3      | Noticed Natasha
  3279 | D:3      | Killed Natasha
  3279 | D:3      | Reached skill level 4 in Conjurations
  3508 | D:3      | Found a white marble altar of Elyvilon.
  3563 | D:3      | Noticed Natasha
  3569 | D:3      | Killed Natasha
  3942 | D:4      | Found a glowing drain.
  3946 | D:4      | Reached XP level 6. HP: 31/32 MP: 5/15
  3952 | D:4      | Reached * piety under Sif Muna
  3974 | D:4      | Reached skill level 5 in Spellcasting
  3974 | D:4      | Reached skill level 5 in Conjurations
  3974 | D:4      | Reached skill level 5 in Fire Magic
  4083 | Sewer    | Entered a sewer
  5082 | D:4      | Learned a level 5 spell: Fireball
  5416 | D:4      | Noticed Sigmund
  5426 | D:4      | Noticed Edmund
  5439 | D:4      | Killed Edmund
  5439 | D:4      | Reached XP level 7. HP: 24/36 MP: 0/17
  5623 | D:5      | Entered Level 5 of the Dungeon
  5935 | D:5      | Reached skill level 6 in Conjurations
  6236 | D:5      | Reached ** piety under Sif Muna
  6692 | D:5      | Found Coacamm's General Store.
  6741 | D:5      | Reached skill level 7 in Conjurations
  6846 | D:5      | Reached XP level 8. HP: 41/41 MP: 9/19
  7452 | D:6      | Found a shattered altar of Ashenzari.
  7452 | D:6      | Found an iron altar of Okawaru.
  7455 | D:6      | Found a hide-covered altar of Uskayaw.
  7456 | D:6      | Found a radiant altar of Vehumet.
  7547 | D:6      | Noticed Blork the orc
  7559 | D:6      | Got a scintillating glass ring
  7559 | D:6      | Found an ancient bone altar of Kikubaaqudgha.
  7559 | D:6      | Found a staircase to the Ecumenical Temple.
  7567 | Temple   | Entered the Ecumenical Temple
  7652 | Temple   | Identified the ring "Pefa" {*Tele rElec rC+ rN+ Slay+4} (You found it on level 6 of the Dungeon)
  7893 | D:6      | Killed Blork the orc
  7893 | D:6      | Reached skill level 8 in Conjurations
  8105 | D:6      | Reached *** piety under Sif Muna
  8270 | D:6      | Noticed Pikel
  8279 | D:6      | Killed Pikel
  8279 | D:6      | Reached skill level 9 in Conjurations
  8279 | D:6      | Reached XP level 9. HP: 31/45 MP: 2/23
  8885 | D:7      | Noticed Nausicaa's ghost (novice VSMo)
  8889 | D:7      | Killed Nausicaa's ghost
  8924 | D:7      | Slain by a wyvern

Vault maps used:
D:1:      wheals_arrival_shading, st_stairs_9
D:2:      grunt_temple_overflow_diamond, minmay_rat_hole
D:3:      marbit_many_paths, first_bread, uniq_natasha
D:4:      portal_sewer_entry_a, sigmund_edmund_badplayer
D:5:      serial_shops, shop_statue
D:6:      overflow_temple_1_default, minitemple,
          minmay_temple_entry_statues_fountains, uniq_pikel, uniq_blork_the_orc
D:7:      kennysheep_kobold_camp, serial_shops, nicolae_shop_stone,
          grunt_ogre_cave, david_defended_altar_orc
Temple:   minmay_temple_bridge_abc
Sewer:    sewer_frog_island_01

Skill      XL: |  1  2  3  4  5  6  7  8 |
---------------+-------------------------+-----
Conjurations   | 2 3 4 5 7 9 |  9.8
Fire Magic     | 4 5 6 7 |  7.8
Spellcasting   | 4 5 6 8 |  8.6
Dodging        | |  2.4
Stealth        | |  2.4

Action                   |  1- 3 |  4- 6 |  7- 9 || total
-------------------------+-------+-------+-------++-------
Melee: Dagger            |    37 |    15 |    73 ||   125
 Cast: Flame Tongue      |    85 |   139 |   115 ||   339
       Sticky Flame      |       |     5 |     9 ||    14
       Fireball          |       |       |    11 ||    11
       Conjure Flame     |       |       |     2 ||     2
  Use: Scroll            |     4 |     7 |     3 ||    14
       Potion            |       |     2 |       ||     2
  Eat: Chunk             |     2 |     5 |     7 ||    14
       Royal jelly       |       |     2 |     2 ||     4
       Meat ration       |       |     1 |       ||     1
       Fruit             |       |       |     2 ||     2
Armor: Robe              |    11 |    15 |    38 ||    64
Dodge: Dodged            |    49 |    35 |    71 ||   155
